 Dungeon Crawl Stone Soup version 0.21-a0-404-g291f19a (webtiles) character file.

406 zaque the Chucker (level 6, -2/59 HPs)
             Began as an Ogre Arcane Marksman on Oct 29, 2017.
             Slain by a human zombie (4 damage)
             ... in an ossuary on Oct 30, 2017.
             The game lasted 00:15:02 (4185 turns).

zaque the Chucker (Ogre Arcane Marksman)            Turns: 4185, Time: 00:15:03

Health: -2/59      AC:  4    Str: 15    XL:     6   Next: 87%
Magic:  8/8        EV: 13    Int: 20    God:
Gold:   132        SH:  4    Dex: 11    Spells: 2/8 levels left

rFire    . . .     SeeInvis .   l - +0 mace
rCold    . . .     Gourm    .   (no shield)
rNeg     . . .     Faith    .   a - +0 robe
rPois    .         Spirit   .   (helmet restricted)
rElec    .         Reflect  +   v - +0 cloak
rCorr    .         Harm     .   (gloves unavailable)
MR       .....                  (boots unavailable)
Stlth    +.........             m - +4 amulet of reflection
HPRegen  0.19/turn              G - +3 ring of evasion
MPRegen  0.11/turn              t - +6 ring of intelligence

@: no status effects
A: unfitting armour, tough skin 1
a: no special abilities


You were in an ossuary.
You were not hungry.

You visited 1 branch of the dungeon, and saw 5 of its levels.
You also visited: Ossuary.

You collected 258 gold pieces.
You spent 126 gold pieces at shops.

Inventory:

Hand Weapons
 e - a +0 club
 l - a +0 mace (weapon)
 y - a +0 giant club
Missiles
 c - 3 large rocks
 d - 2 throwing nets
 j - 7 tomahawks
 k - 168 stones (quivered)
Armour
 a - a +0 robe (worn)
 v - a +0 cloak (worn)
 M - a +0 shield
Jewellery
 m - a +4 amulet of reflection (around neck)
 o - a +2 ring of evasion
 t - a +6 ring of intelligence (right hand)
 A - an uncursed amulet of regeneration {unknown}
 G - a +3 ring of evasion (left hand)
Wands
 q - a wand of flame (22/48)
 H - a wand of disintegration (10/24)
Scrolls
 h - 2 scrolls of identify {unknown}
 i - a scroll of recharging {unknown}
 n - 5 scrolls of remove curse {unknown}
 s - a scroll of immolation {unknown}
 E - a scroll of random uselessness {unknown}
 I - a scroll of amnesia {unknown}
 L - a scroll of blinking {unknown}
 N - 2 scrolls of enchant weapon {unknown}
Potions
 g - 2 potions of haste
 p - a potion of might {unknown}
 r - 2 potions of heal wounds {unknown}
 u - 2 potions of curing
 w - 3 potions of brilliance {unknown}
 B - a potion of mutation {unknown}
 D - 2 potions of flight
 F - a potion of berserk rage
 K - 2 potions of cancellation {unknown}
 O - a potion of ambrosia {unknown}
 P - 2 potions of invisibility {unknown}
Books
 b - a book of Debilitation

   Spells                             Type                      Level
   a - Corona                         Hexes                        1
   b - Slow                           Hexes                        2
   c - Inner Flame                    Hexes/Fire                   3
   d - Portal Projectile              Hexes/Translocation          3
   e - Cause Fear                     Hexes                        4
   f - Leda's Liquefaction            Hexes/Earth                  4
Comestibles
 f - 5 bread rations
 x - 3 royal jellies
 z - 4 fruits
 C - a meat ration
 J - 2 chunks of flesh


   Skills:
 + Level 2.5 Fighting
 + Level 2.5 Maces & Flails
 * Level 4.2 Throwing
 - Level 3.0 Dodging
 * Level 1.8 Spellcasting
 * Level 3.4 Hexes
 * Level 1.1 Translocations


You had 2 spell levels left.
You knew the following spells:

 Your Spells              Type           Power        Failure   Level  Hunger
a - Corona                Hex            ###....      3%          1    #......
b - Slow                  Hex            ###.....     6%          2    ###....
c - Portal Projectile     Hex/Tloc       ##....       19%         3    ###....


Dungeon Overview and Level Annotations

Branches:
Dungeon (5/15)
 Temple: D:4-7

Altars:
Elyvilon
Trog
Vehumet

Shops:
D:4 !

Annotations:
D:4 exclusion: statue


Innate Abilities, Weirdness & Mutations

You are too large for most types of armour.
You have tough skin. (AC +1)


Message History

The human zombie is severely damaged.
The human zombie closely misses you.
You barely miss the human zombie.
The human zombie is severely damaged.
The human zombie barely misses you.
You hit the human zombie.
The human zombie is severely damaged.
The human zombie hits you.
* * * LOW HITPOINT WARNING * * *
You hit the human zombie.
The human zombie is almost destroyed.
The human zombie hits you but does no damage.
You closely miss the human zombie.
The human zombie is almost destroyed.
The human zombie hits you.
* * * LOW HITPOINT WARNING * * *
You completely miss the human zombie.
The human zombie is almost destroyed.
The human zombie hits you.
You die...

#.......#
##.....## ###.###
#'# ###.### ##
##.....## ..##
#.......# ....#
##...∩...###.....#
+...∩∩∩...@Z(.....
##...∩...###.....#
#.......# .(..#
##.....## ..##
###.### ## #+#


You could see a human zombie.

Vanquished Creatures
  An ogre (D:4)
  A bullfrog (D:1)
  A crimson imp (D:4)
  A centaur zombie (Ossuary)
  Jessica (D:2)
  An iguana (D:4)
  A mummy (Ossuary)
  Robin (D:2)
  5 adders
  3 oozes
  A dart slug (D:2)
  2 leopard geckos
  2 orcs
  4 bats
  2 giant cockroaches
  11 goblins
  6 hobgoblins
  3 jackals (D:5)
  8 kobolds
  2 quokkas (D:3)
  A ball python (D:2)
  4 frilled lizards
  5 rats
67 creatures vanquished.

Notes
Turn   | Place    | Note
-------+----------+-------------------------------------------
     0 | D:1      | zaque the Ogre Arcane Marksman began the quest for the Orb.
     0 | D:1      | Reached XP level 1. HP: 19/19 MP: 2/2
   637 | D:1      | Reached XP level 2. HP: 19/27 MP: 3/3
   870 | D:2      | Noticed Jessica
   879 | D:2      | Killed Jessica
   879 | D:2      | Reached XP level 3. HP: 33/33 MP: 4/4
   887 | D:2      | Noticed a bullfrog
   911 | D:1      | Killed a bullfrog
   911 | D:1      | Reached skill level 3 in Throwing
   911 | D:1      | Reached XP level 4. HP: 15/42 MP: 5/5
  1117 | D:1      | Reached skill level 1 in Maces & Flails
  1265 | D:2      | Reached XP level 5. HP: 24/49 MP: 6/6
  1509 | D:2      | Noticed Robin
  1866 | D:2      | Killed Robin
  2824 | D:3      | Found a white marble altar of Elyvilon.
  2863 | D:3      | Learned a level 2 spell: Slow
  2867 | D:3      | Learned a level 3 spell: Portal Projectile
  3027 | D:3      | Found a white marble altar of Elyvilon.
  3291 | D:4      | Found a radiant altar of Vehumet.
  3291 | D:4      | Noticed a charred statue
  3321 | D:4      | Noticed an ogre
  3329 | D:4      | Killed an ogre
  3329 | D:4      | Reached skill level 4 in Throwing
  3329 | D:4      | Reached XP level 6. HP: 59/59 MP: 4/8
  3558 | D:4      | Found Woameox's Distillery.
  3561 | D:4      | Bought a potion of flight for 42 gold pieces
  3561 | D:4      | Bought a potion of degeneration for 14 gold pieces
  3561 | D:4      | Bought a potion of berserk rage for 70 gold pieces
  3979 | D:5      | Entered Level 5 of the Dungeon
  4000 | D:5      | Reached skill level 1 in Translocations
  4092 | D:5      | Found a bloodstained altar of Trog.
  4096 | D:5      | Found a sand-covered staircase.
  4100 | Ossuary  | Entered an ossuary
  4184 | Ossuary  | HP: 2/59 [human zombie (3)]
  4185 | Ossuary  | Slain by a human zombie

Vault maps used:
D:1:      minmay_arrival_four_loops
D:2:      uniq_jessica, uniq_robin
D:3:      lemuel_round_altar, elyvilon_altar_5
D:4:      minmay_door_path, vehumet_statue, first_bread, serial_shops,
          nicolae_shop_behind_doors
D:5:      nicolae_gozag_seed_capital, kennysheep_vampire_church, bloody_trog,
          temple_green, enter_ossuary_2, serial_curves, eino_curves_04,
          eino_curves_03, eino_curves_01, eino_curves_04, kennysheep_crisscross,
          sword_in_stone
Ossuary:  ossuary_minmay_four_chambers

Skill      XL: |  1  2  3  4  5  6 |
---------------+-------------------+-----
Dodging        | 2 3 |  3.0
Throwing       | 3 4 |  4.2
Hexes          | 3 |  3.4
Maces & Flails | 1 2 |  2.5
Fighting       | 2 |  2.5
Translocations | 1 |  1.1
Spellcasting   | |  1.8

Action                   |  1- 3 |  4- 6 || total
-------------------------+-------+-------++-------
Melee: Club              |    16 |       ||    16
       Mace              |    16 |   199 ||   215
       Unarmed           |     1 |       ||     1
Throw: Stone             |     9 |    83 ||    92
       Large rock        |     4 |    16 ||    20
       Tomahawk          |       |     5 ||     5
 Cast: Corona            |       |     4 ||     4
       Slow              |       |     1 ||     1
  Use: Potion            |       |     1 ||     1
  Eat: Chunk             |       |     7 ||     7
       Meat ration       |       |     1 ||     1
Armor: Robe              |    22 |    59 ||    81
Dodge: Dodged            |    52 |   162 ||   214
Block: Other             |     4 |    49 ||    53
       Reflection        |     1 |     2 ||     3

Table legend:
 A = Spawn XP
 B = Non-spawn XP
 C = Spawn XP percentage of total XP
 D = Spawn monster count
 E = Non-spawn monster count
 F = Spawn count percentage of total count
 G = Total turns spent on level
                    A         B        C        D         E        F      G
               +---------+---------+-------+---------+---------+-------+---------
         Total |       0 |     581 |   0.0 |       0 |      67 |   0.0 |  4185
               +---------+---------+-------+---------+---------+-------+---------
           D:1 |       0 |     119 |   0.0 |       0 |      14 |   0.0 |  1413
           D:2 |       0 |     143 |   0.0 |       0 |      30 |   0.0 |  1248
           D:3 |       0 |      36 |   0.0 |       0 |      11 |   0.0 |   618
           D:4 |       0 |     210 |   0.0 |       0 |       6 |   0.0 |   700
           D:5 |       0 |       9 |   0.0 |       0 |       4 |   0.0 |   121
       Ossuary |       0 |      64 |   0.0 |       0 |       2 |   0.0 |    85
               +---------+---------+-------+---------+---------+-------+---------
